 Dungeon Crawl Stone Soup version 0.27-a0-29-g2d0a2396b0 (webtiles) character file.

Game seed: 13253625552274353845

28800 wakim the Grappler (level 13, -8/127 HPs)
             Began as a Troll Monk on Jan 3, 2021.
             Was an Elder of Makhleb.
             Splashed by an oklob plant's acid (13 damage)
             ... on level 4 of the Lair of Beasts.
             The game lasted 01:11:54 (17215 turns).

wakim the Grappler (Troll Monk)                    Turns: 17215, Time: 01:11:55

Health: -8/127     AC: -1    Str: 32    XL:     13   Next: 11%
Magic:  0/17       EV: 14    Int:  6    God:    Makhleb [****..]
Gold:   2106       SH:  0    Dex: 12    Spells: 12/12 levels left

rFire    . . .     SeeInvis +     - Unarmed
rCold    . . .     Faith    .   (no shield)
rNeg     . . .     Spirit   +   o - +1 robe
rPois    .         Reflect  .   (helmet restricted)
rElec    .         Harm     .   (no cloak)
rCorr    .         Rampage  .   (gloves unavailable)
Will     .....                  (boots unavailable)
Stlth    +++.......             q - amulet of guardian spirit
HPRegen  0.71/turn              w - ring of see invisible
MPRegen  0.15/turn              C - +6 ring of strength

@: about to teleport, corroded, studying Invocations
A: large, unfitting armour, claws 3, regeneration 1, shaggy fur 1, tough skin 3
a: Renounce Religion, Minor Destruction, Lesser Servant of Makhleb, Major
Destruction


You were on level 4 of the Lair of Beasts.
You worshipped Makhleb.
Makhleb was greatly pleased with you.
You visited 3 branches of the dungeon, and saw 20 of its levels.
You also visited: Sewer and Volcano.

You collected 2106 gold pieces.

Inventory:

Hand Weapons
 a - a +2 mace of protection
Missiles
 j - 12 boomerangs
 u - 8 curare-tipped darts
 B - 15 large rocks
 E - 4 silver javelins (quivered)
Armour
 o - a +1 robe (worn)
 K - a +0 robe
Jewellery
 g - an uncursed ring of protection from fire {unknown}
 q - an amulet of guardian spirit (around neck)
 r - an uncursed amulet of the acrobat
 w - a ring of see invisible (left claw)
 C - a +6 ring of strength (right claw)
 G - an uncursed ring of poison resistance
Wands
 i - a wand of acid (7)
 y - a wand of digging (11)
 z - a wand of iceblast (10)
 A - a wand of paralysis (3)
Scrolls
 b - 3 scrolls of enchant armour
 d - 6 scrolls of identify
 f - 7 scrolls of teleportation
 p - 4 scrolls of fear
 t - a scroll of magic mapping
 v - 8 scrolls of remove curse
 D - 2 scrolls of enchant weapon
 H - a scroll of amnesia
 I - 2 scrolls of fog
Potions
 c - 2 potions of ambrosia
 e - 5 potions of heal wounds
 h - 2 potions of resistance
 k - a potion of invisibility
 l - a potion of brilliance
 m - 2 potions of might
 n - 12 potions of curing
 s - 4 potions of flight
 x - 2 potions of cancellation
Books
 L - a manual of Invocations


   Skills:
 + Level 7.9 Fighting
 + Level 7.3 Throwing
 - Level 8.0 Dodging
 + Level 6.2 Stealth
 - Level 12.0 Unarmed Combat
 + Level 7.3 Invocations


You had 12 spell levels left.
You didn't know any spells.
Your spell library contained the following spells:

 Spells                   Type           Power        Failure   Level
 Animate Skeleton         Necr           0%           45%         1
 Apportation              Tloc           0%           45%         1
 Corona                   Hex            0%           45%         1
 Magic Dart               Conj           0%           45%         1
 Summon Small Mammal      Summ           0%           45%         1
 Blink                    Tloc           N/A          58%         2
 Call Imp                 Summ           0%           58%         2
 Searing Ray              Conj           0%           58%         2
 Slow                     Hex            0%           58%         2
 Confusing Touch          Hex            0%           83%         3
 Conjure Flame            Conj/Fire      0%           83%         3
 Dazzling Flash           Conj/Hex       0%           83%         3
 Gell's Gravitas          Tloc           0%           83%         3
 Lesser Beckoning         Tloc           0%           83%         3
 Mephitic Cloud           Conj/Pois/Air  0%           83%         3
 Stone Arrow              Conj/Erth      0%           83%         3
 Teleport Other           Tloc           0%           83%         3
 Fulminant Prism          Conj/Hex       0%           99%         4
 Iskenderun's Mystic Bla  Conj/Tloc      0%           99%         4
 Passage of Golubria      Tloc           N/A          99%         4
 Petrify                  Tmut/Erth      0%           99%         4
 Metabolic Englaciation   Hex/Ice        0%           100%        5
 Yara's Violent Unravell  Hex/Tmut       0%           100%        5


Dungeon Overview and Level Annotations

Branches:
Dungeon (13/15)            Temple (1/1) D:6            Lair (6/6) D:8
  Swamp (0/4) Lair:2        Snake (0/4) Lair:2          Orc (0/2) D:11
  Sewer (visited)         Volcano (visited)
  Slime: Lair:5-6    Vaults: D:13-14

Altars:
Ashenzari
Cheibriados
Dithmenos
Elyvilon
Fedhas
Gozag
Hepliaklqana
Kikubaaqudgha
Makhleb
Nemelex Xobeh
Okawaru
Qazlal
Ru
Sif Muna
Trog
Uskayaw
Vehumet
Wu Jian
Xom
Yredelemnul
Zin
The Shining One
Beogh

Annotations:
D:6 exclusion: statue
D:10 3 runed translucent doors, Dirian's ghost, novice TrMo
D:11 Snorg; Urug
Lair:4 exclusion: oklob plant


Innate Abilities, Weirdness & Mutations

You are too large for most types of armour.
You have claws for hands.
Your natural rate of healing is unusually fast.
You are covered in fur. (AC +1)
You have extremely tough skin. (AC +3)


Message History

The elephant trumpets! x3
The oklob plant spits acid at you. The splash of acid hits you!
The acid corrodes you!
You are splashed with acid!
The komodo dragon hisses angrily.
There is a stone staircase leading up here.
The elephant tramples you!!
You stumble backwards!
You stop ascending the stairs.
As you read the scroll of teleportation, it crumbles to dust.
You feel strangely unstable. The komodo dragon bites you!!
The oklob plant spits acid at you. The splash of acid hits you!
The acid corrodes you!
You are splashed with acid!
* * * LOW HITPOINT WARNING * * *
The elephant tramples you!!
* * * LOW HITPOINT WARNING * * *
You stumble backwards!
The oklob plant spits acid at you. The splash of acid hits you!
* * * LOW HITPOINT WARNING * * *
You are splashed with acid!
You die...

#.........#
#........#
#........#
#......Y.#
#..>....<##
#.........#
#.....Yl.##
#........Y##
##.......@$#
#.P......##
#........#
#........#
........#
........#
........P
........#


You could see 3 elephants, an oklob plant and a komodo dragon.

Vanquished Creatures
  2 boulder beetles
  A hydra (Lair:2)
  A centaur warrior (D:9)
  2 two-headed ogres (D:12)
  4 death yaks
  Sonja (Lair:2)
  Nergalle (D:11)
  A manticore (D:12)
  2 ugly things
  3 cyclopes
  A centaur zombie (D:10)
  A torpor snail (Lair:2)
  5 cane toads
  A kobold demonologist (D:13)
  6 komodo dragons
  4 trolls
  A tyrant leech (Lair:2)
  8 blink frogs (Lair:1)
  2 hornets
  A ynoxinul (D:9)
  21 yaks
  2 basilisks
  A hog (shapeshifter) (D:13)
  A steam dragon (D:7)
  3 nagas (Lair:2)
  A soldier ant (D:13)
  2 hell hounds (Lair:1)
  3 water moccasins
  2 sky beasts
  6 orc warriors
  A necrophage (D:10)
  A black bear (D:12)
  4 wolves (Lair:2)
  6 phantoms
  6 ogres
  4 centaurs
  2 big kobolds
  9 bullfrogs
  4 scorpions
  5 killer bees
  3 wights (D:6)
  An electric eel (Lair:1)
  3 bullfrog zombies
  2 centaur skeletons
  7 hounds
  2 jellies
  18 orc wizards
  8 orc priests
  3 bullfrog skeletons
  3 iguanas
  8 worker ants
  A hound zombie (D:9)
  2 hound skeletons (D:4)
  A howler monkey zombie (D:9)
  A howler monkey skeleton (D:10)
  6 adders
  A river rat (Sewer)
  2 shadow imps (D:5)
  3 white imps
  3 oozes
  5 ufetubi
  5 worms
  12 dart slugs
  5 leopard geckos
  65 orcs
  A ball python (D:5)
  4 giant cockroaches
  6 hobgoblins
  15 jackals
  16 kobolds
  4 quokkas
  5 bats
  10 frilled lizards
  5 goblins
  A quokka skeleton (D:5)
  13 rats
382 creatures vanquished.

Vanquished Creatures (collateral kills)
  2 hydras
  A death yak (Lair:2)
  A tyrant leech (Lair:2)
  A yak (Lair:2)
  A sky beast (D:12)
  2 wolves (Lair:2)
  A bullfrog (Lair:2)
  6 killer bees
15 creatures vanquished.

Vanquished Creatures (others)
  2 human simulacra (D:9)
  A white imp (D:9)
  4 fungi
  14 plants
21 creatures vanquished.

Grand Total: 418 creatures vanquished

Notes
Turn   | Place    | Note
-------+----------+-------------------------------------------
     0 | D:1      | wakim the Troll Monk began the quest for the Orb.
     0 | D:1      | Reached XP level 1. HP: 22/22 MP: 0/0
   240 | D:1      | Reached XP level 2. HP: 29/29 MP: 1/1
   694 | D:2      | Reached XP level 3. HP: 36/36 MP: 2/2
   774 | D:2      | Found an opulent altar of Gozag.
   867 | D:2      | Reached skill level 1 in Throwing
  1078 | D:2      | Found an ancient bone altar of Kikubaaqudgha.
  1201 | D:2      | Found a white marble altar of Elyvilon.
  1228 | D:2      | Reached XP level 4. HP: 44/44 MP: 3/3
  1554 | D:3      | Found an ornate altar of the Wu Jian Council.
  1610 | D:3      | Reached skill level 4 in Unarmed Combat
  2017 | D:3      | Reached XP level 5. HP: 41/50 MP: 4/4
  2133 | D:3      | Found a blossoming altar of Fedhas.
  2179 | D:3      | Found a glowing golden altar of the Shining One.
  2514 | D:4      | Reached XP level 6. HP: 58/59 MP: 5/5
  2574 | D:4      | Reached skill level 5 in Unarmed Combat
  2708 | D:4      | Reached XP level 7. HP: 25/67 MP: 6/6
  3275 | D:5      | Entered Level 5 of the Dungeon
  3291 | D:5      | Found a glowing drain.
  3314 | Sewer    | Entered a sewer
  3363 | Sewer    | Reached skill level 6 in Unarmed Combat
  3387 | Sewer    | Found a glowing silver altar of Zin.
  3653 | D:5      | Reached XP level 8. HP: 57/75 MP: 7/7
  4447 | D:6      | Reached skill level 7 in Unarmed Combat
  4767 | D:6      | Found a snail-covered altar of Cheibriados.
  4818 | D:6      | Found a staircase to the Ecumenical Temple.
  4827 | Temple   | Entered the Ecumenical Temple
  4931 | Temple   | Became a worshipper of Makhleb the Destroyer
  4931 | Temple   | Reached * piety under Makhleb
  4931 | Temple   | Reached ** piety under Makhleb
  5298 | D:6      | Reached XP level 9. HP: 80/84 MP: 8/8
  5442 | D:6      | Found a radiant altar of Vehumet.
  5542 | D:6      | Found a glowing silver altar of Zin.
  5917 | D:7      | Reached skill level 1 in Invocations
  6331 | D:7      | Found a hazy altar of Hepliaklqana.
  6395 | D:7      | Reached skill level 5 in Dodging
  6395 | D:7      | Reached skill level 8 in Unarmed Combat
  7275 | D:8      | Found a sacrificial altar of Ru.
  7386 | D:8      | Found a staircase to the Lair.
  7524 | D:8      | Identified a scroll of acquirement
  7524 | D:8      | Acquired 923 gold pieces
  7557 | D:9      | Found a shimmering blue altar of Sif Muna.
  7563 | D:9      | Identified Sif Muna's Catalogue of Ashen Companions
  7569 | D:9      | Found a bloodstained altar of Trog.
  7569 | D:9      | Noticed a troll
  7577 | D:9      | Killed a troll
  7578 | D:9      | Reached skill level 5 in Fighting
  7578 | D:9      | Reached skill level 5 in Throwing
  7693 | D:9      | Reached *** piety under Makhleb
  7697 | D:9      | Noticed a centaur warrior
  7945 | D:9      | Reached XP level 10. HP: 96/96 MP: 11/11
  7960 | D:9      | Found a hide-covered altar of Uskayaw.
  8764 | D:9      | Killed a centaur warrior
  8818 | D:10     | Entered Level 10 of the Dungeon
  9102 | D:10     | Found a runed translucent gate.
  9113 | D:10     | Identified the +10 short sword of Ceimeff {chaos, rF+ rC+
                  | Int+3}
  9115 | D:10     | Found a runed translucent gate.
  9115 | D:10     | Noticed Dirian's ghost (novice TrMo)
  9116 | D:10     | Found a runed translucent gate.
  9146 | D:10     | Found a shimmering altar of Xom.
  9591 | D:10     | Reached **** piety under Makhleb
  9800 | D:11     | Noticed a cyclops
  9907 | D:11     | Found a stormy altar of Qazlal.
  9929 | D:11     | Noticed Snorg
 10087 | D:11     | Found a roughly hewn altar of Beogh.
 10157 | D:11     | Noticed Nergalle
 10173 | D:11     | Killed Nergalle
 10379 | D:11     | Killed a cyclops
 10434 | D:11     | Noticed an eight-headed hydra
 10780 | D:11     | You fall into a shaft and drop 1 floor!
 10789 | D:12     | Reached skill level 9 in Unarmed Combat
 10789 | D:12     | Reached XP level 11. HP: 95/105 MP: 10/13
 10934 | D:11     | Found a staircase to the Orcish Mines.
 10985 | D:11     | Noticed Urug
 11085 | D:12     | Noticed a two-headed ogre
 11092 | D:12     | Killed a two-headed ogre
 11249 | D:12     | Noticed a brown ugly thing
 11288 | D:12     | Noticed a two-headed ogre
 11293 | D:12     | Killed a two-headed ogre
 11370 | D:12     | Killed a brown ugly thing
 11371 | D:12     | Reached skill level 5 in Stealth
 11402 | D:12     | Paralysed by a hornet for 1 turns
 11689 | D:12     | Noticed a boulder beetle
 11718 | D:12     | Killed a boulder beetle
 11777 | D:12     | Reached skill level 10 in Unarmed Combat
 11872 | D:13     | Noticed a brown ugly thing
 11876 | D:13     | Killed a brown ugly thing
 11877 | D:13     | Reached skill level 5 in Invocations
 12135 | D:13     | Noticed a deep elf annihilator
 12350 | Lair:1   | Entered Level 1 of the Lair of Beasts
 12376 | Lair:1   | Reached ***** piety under Makhleb
 12550 | Lair:1   | Found a dark tunnel.
 12568 | Volcano  | Entered a volcano
 12585 | Volcano  | Noticed a salamander mystic
 12836 | Lair:1   | Reached XP level 12. HP: 111/115 MP: 12/15
 13779 | Lair:2   | Noticed an eight-headed hydra
 14010 | Lair:2   | Noticed an eight-headed hydra
 14131 | Lair:2   | Killed an eight-headed hydra
 14132 | Lair:2   | Reached skill level 11 in Unarmed Combat
 14205 | Lair:2   | Noticed a death yak
 14234 | Lair:2   | Killed a death yak
 14239 | Lair:2   | Noticed a death yak
 14251 | Lair:2   | Noticed a death yak
 14582 | Lair:2   | Killed an 11-headed hydra
 14860 | Lair:2   | Noticed a death yak
 14868 | Lair:2   | Noticed a death yak
 14901 | Lair:2   | Killed a death yak
 14941 | Lair:1   | Killed a death yak
 15049 | Lair:2   | Found a staircase to the Snake Pit.
 15065 | Lair:2   | Noticed Sonja
 15442 | Lair:2   | Killed Sonja
 15477 | Lair:2   | Found a staircase to the Swamp.
 15639 | Lair:1   | Killed a death yak
 15758 | Lair:2   | Killed a death yak
 16415 | Lair:3   | Noticed a boulder beetle
 16473 | Lair:3   | Noticed a six-headed hydra
 16490 | Lair:3   | Killed a six-headed hydra
 16623 | Lair:3   | Reached skill level 12 in Unarmed Combat
 16724 | Lair:2   | Acquired a manual of Invocations
 16792 | Lair:3   | Reached XP level 13. HP: 125/127 MP: 14/17
 17014 | Lair:3   | You fall into a shaft and drop 3 floors!
 17014 | Lair:6   | Entered Level 6 of the Lair of Beasts
 17215 | Lair:4   | HP: 5/127 [oklob plant/splash of acid (12)]
 17215 | Lair:4   | Splashed by an oklob plant's acid

Illustrated notes

Levels and vault maps discovered:
D:1:      giann_bridges, layout_basic, serial_curves, eino_curves_04,
          eino_curves_04, eino_curves_02, eino_curves_03
D:2:      layout_loops_ring, grunt_gozag_statues,
          nicolae_overflow_crystal_walls, nicolae_overflow_hidden_temple,
          moated_statue, kennysheep_generic_room_5
D:3:      kennysheep_slugbush, layout_basic, fedhas_altar_4, tso_oasis_becter,
          nzn_wu_jian_contemplation, mrwooster_statue_mirror,
          hangedman_decor_clover_reticule
D:4:      layout_basic
D:5:      layout_loops_corners, cheibrodos_sewer_entry_drain
D:6:      layout_loops_ring, lemuel_doored_altar, vehumet_statue,
          cheibriados_altar_1, lemuel_temple_firewalk_a
D:7:      layout_basic, nzn_hepliaklqana_mist_gate, serial_rivers,
          chequers_serial_rivers_micro_b, chequers_serial_rivers_micro_e,
          chequers_serial_rivers_room_a, chequers_serial_rivers_room_b
D:8:      layout_rooms, lair_entry_dummy, nicolae_ru_the_path_less_chosen
D:9:      layout_stronghold, nzn_overflow_gifts_of_might_and_magic,
          eat_drink_and_be_merry_uskayaw, bh_circular_ruins
D:10:     layout_long_grid, gammafunk_ghost_nasty_kobolds, tgw_xom
D:11:     layout_gridville, david_orc_5, nicolae_qazlal_general_emergency,
          uniq_snorg, uniq_urug, uniq_nergalle
D:12:     layout_loops_ring
D:13:     layout_basic, gauntlet_entry_generic, minmay_misc_feat_four_crosses,
          kennysheep_four_rooms
Temple:   grunt_temple_mini_profane
Lair:1:   layout_loops_ring, enter_volcano_3, infiniplex_staircase_pool_2,
          grunt_megastairs_2, serial_bayou_shore_b, serial_bayou_shore_a
Lair:2:   layout_cave_pods, minmay_swamp_entry_worms,
          guppyfry_snake_entry_garden, uniq_sonja
Lair:3:   layout_regular_city
Lair:4:   layout_big_grid, minmay_lair_oklob_chamber, lemuel_fruit_fields
Lair:5:   layout_cellular_growth, slime_altar_1
Lair:6:   cheibrodos_lair_end_hotspot, layout_regular_city

Skill      XL: |  1  2  3  4  5  6  7  8  9 10 11 12 13 |
---------------+----------------------------------------+-----
Throwing       | 1 2 3 4 5 6 7 |  7.3
Unarmed Combat | 4 5 6 7 8 9 10 12 | 12.0
Dodging        | 3 4 5 6 7 8 |  8.0
Stealth        | 2 3 4 5 6 |  6.2
Fighting       | 3 4 5 6 7 |  7.9
Invocations    | 3 4 5 6 7 |  7.3

Action                   |  1- 3 |  4- 6 |  7- 9 | 10-12 | 13-15 || total
-------------------------+-------+-------+-------+-------+-------++-------
Melee: Unarmed           |    93 |   110 |   316 |   564 |    45 ||  1128
       Punch             |       |     3 |    11 |    38 |     8 ||    60
Throw: Stone             |    13 |       |     5 |     1 |       ||    19
       Dart              |       |       |    11 |     1 |       ||    12
       Large rock        |       |       |    21 |    46 |       ||    67
       Boomerang         |       |       |       |    14 |       ||    14
       Javelin           |       |       |       |       |     1 ||     1
Invok: Minor Destruction |       |       |     3 |     5 |       ||     8
       Lesser Servant of |       |       |       |    10 |       ||    10
  Use: Scroll            |     4 |     2 |    15 |     8 |     1 ||    30
       Potion            |       |       |     2 |     2 |       ||     4
 Stab: Sleeping          |     3 |     4 |     8 |    18 |     2 ||    35
       Distracted        |       |       |       |       |     1 ||     1
Armor: Robe              |    44 |    32 |    98 |   102 |     7 ||   283
Dodge: Dodged            |    48 |    49 |   219 |   299 |    17 ||   632

Table legend: (Time is in decaauts)
 A = Elapsed time spent in this place.
 B = Non-inter-level travel time spent in this place.
 C = Inter-level travel time spent in this place.
 D = Time resting spent in this place.
 E = Time spent auto-exploring this place.
 F = Levels seen in this place.
 G = Mean time per level.
                   A        B        C        D        E       F      G
               +--------+--------+--------+--------+--------+-----+--------+
         Total |  17215 |  16059 |   1156 |   1265 |  10416 |  22 |  782.5 |
       Dungeon |  11891 |  11167 |    724 |    519 |   7747 |  13 |  914.7 |
        Temple |    326 |    255 |     71 |     58 |    188 |   1 |  326.0 |
          Lair |   4725 |   4364 |    361 |    688 |   2370 |   6 |  787.5 |
         Sewer |    234 |    234 |      0 |      0 |     95 |   1 |  234.0 |
       Volcano |     36 |     36 |      0 |      0 |     15 |   1 |   36.0 |
               +--------+--------+--------+--------+--------+-----+--------+

Top non-repeatable levels by time:
  Lair:2: 2202 daAuts
  Lair:1: 1541 daAuts
     D:7: 1240 daAuts
     D:9: 1235 daAuts
    D:10: 1126 daAuts
     D:6: 1094 daAuts
    D:11: 1043 daAuts
    D:12: 1041 daAuts
     D:4: 952 daAuts
     D:5: 878 daAuts
     D:2: 828 daAuts
     D:3: 794 daAuts
  Lair:3: 790 daAuts
     D:1: 692 daAuts
     D:8: 663 daAuts
